 Dungeon Crawl Stone Soup version 0.25.0-9-g26727b657a (webtiles) character file.

Game seed: 4971605964750754383

1947 vurker the Vexing (level 9, 0/66 HPs)
             Began as a Gnoll Arcane Marksman on June 19, 2020.
             Was a Follower of Cheibriados.
             Slain by a two-headed ogre
             ... wielding a +0 dire flail
              (12 damage)
             ... on level 6 of the Dungeon.
             The game lasted 00:15:39 (7674 turns).

vurker the Vexing (Gnoll Arcane Marksman)           Turns: 7674, Time: 00:15:40

Health: 0/66       AC:  9    Str: 15      XL:     9   Next: 18%
Magic:  16/16      EV: 12    Int: 20      God:    Cheibriados [*.....]
Gold:   234        SH: 14    Dex: 17 (18) Spells: 16/17 levels left

rFire    . . .     SeeInvis .   a - +3 dagger (venom)
rCold    . . .     Gourm    .   i - +0 kite shield
rNeg     + . .     Faith    .   n - +0 ring mail
rPois    .         Spirit   .   m - +0 helmet
rElec    .         Reflect  +   t - +0 cloak
rCorr    .         Harm     .   y - +0 pair of gloves
MR       .....                  (no boots)
Stlth    ++........             h - amulet of reflection
HPRegen  0.21/turn              o - ring of positive energy
MPRegen  0.15/turn              (no ring)

@: very slow
A: distributed training, fangs 1, strong nose
a: Bend Time, Renounce Religion


You were on level 6 of the Dungeon.
You worshipped Cheibriados.
Cheibriados was aware of your devotion.
You were very hungry.

You visited 2 branches of the dungeon, and saw 7 of its levels.

You collected 234 gold pieces.

Inventory:

Hand Weapons
 a - a +3 dagger of venom (weapon)
   (You took it off a goblin on level 1 of the Dungeon)
 b - a +1 flail of holy wrath
   (You took it off a gnoll on level 2 of the Dungeon)
 g - a +0 whip of freezing
   (You took it off Pikel on level 4 of the Dungeon)
 r - a +4 trident
   (You took it off an orc on level 4 of the Dungeon)
Missiles
 c - 5 javelins
 d - 4 throwing nets
 v - 2 silver javelins (quivered)
 A - 10 poisoned darts
Armour
 i - a +0 kite shield (worn)
   (You found it on level 1 of the Dungeon)
 m - a +0 helmet (worn)
   (You found it on level 1 of the Dungeon)
 n - a +0 ring mail (worn)
   (You found it on level 1 of the Dungeon)
 t - a +0 cloak (worn)
   (You took it off Crazy Yiuf on level 4 of the Dungeon)
 y - a +0 pair of gloves (worn)
   (You found it on level 6 of the Dungeon)
Jewellery
 h - an amulet of reflection (around neck)
   (You found it on level 5 of the Dungeon)
 o - a ring of positive energy (left hand)
   (You found it on level 4 of the Dungeon)
 s - an uncursed ring of fire
   (You found it on level 4 of the Dungeon)
 z - an uncursed amulet of magic regeneration {unknown}
   (You found it on level 6 of the Dungeon)
Wands
 u - a wand of polymorph (8)
   (You took it off Crazy Yiuf on level 4 of the Dungeon)
Scrolls
 k - 2 scrolls of remove curse
 p - a scroll of magic mapping
 q - 2 scrolls of enchant armour
 x - a scroll of random uselessness {unknown}
Potions
 f - a potion of might
 j - 2 potions of brilliance
 l - a potion of flight
 w - a potion of curing
Comestibles
 e - 11 rations


   Skills:
 + Level 4.7 Fighting
 + Level 3.9 Short Blades
 + Level 3.9 Long Blades
 + Level 3.9 Axes
 + Level 3.9 Maces & Flails
 + Level 3.9 Polearms
 + Level 3.9 Staves
 + Level 3.9 Slings
 + Level 3.9 Bows
 + Level 3.9 Crossbows
 + Level 6.1 Throwing
 + Level 3.9 Armour
 + Level 6.1 Dodging
 + Level 3.9 Stealth
 + Level 3.9 Shields
 + Level 3.9 Unarmed Combat
 + Level 4.9 Spellcasting
 + Level 3.2 Conjurations
 + Level 6.4 Hexes
 + Level 3.2 Charms
 + Level 3.2 Summonings
 + Level 3.2 Necromancy
 + Level 3.2 Translocations
 + Level 3.2 Transmutations
 + Level 3.2 Fire Magic
 + Level 3.2 Ice Magic
 + Level 3.2 Air Magic
 + Level 3.2 Earth Magic
 + Level 3.2 Poison Magic
 + Level 4.3 Invocations
 + Level 3.9 Evocations


You had 16 spell levels left.
You knew the following spells:

 Your Spells              Type           Power        Failure   Level  Hunger
a - Corona                Hex            ####...      7%          1    None

Your spell library contained the following spells:

 Spells                   Type           Power        Failure   Level  Hunger
 Slow                     Hex            ####....     10%         2    #......
 Magic Dart               Conj           ###.         24%         1    None
 Blink                    Tloc           N/A          36%         2    #......
 Call Imp                 Summ           ###.....     36%         2    #......
 Inner Flame              Hex/Fire       ###.....     36%         3    ##.....
 Portal Projectile        Hex/Tloc       ###...       36%         3    ##.....
 Cause Fear               Hex            ####......   54%         4    ####...
 Conjure Flame            Conj/Fire      ###.....     58%         3    ##.....
 Mephitic Cloud           Conj/Pois/Air  ###.....     58%         3    ##.....
 Leda's Liquefaction      Hex/Erth       ###.......   77%         4    ####...


Dungeon Overview and Level Annotations

Branches:
Dungeon (6/15)             Temple (1/1) D:4

Altars:
Ashenzari
Cheibriados
Dithmenos
Fedhas
Hepliaklqana
Kikubaaqudgha
Makhleb
Nemelex Xobeh
Okawaru
Qazlal
Ru
Sif Muna
Trog
Uskayaw
Vehumet
Wu Jian
Xom
Yredelemnul
Zin
The Shining One

Shops:
D:4 :!   D:5 (*   D:6 *

Annotations:
D:5 2 transporters, Grinder


Innate Abilities, Weirdness & Mutations

Your experience applies equally to all skills.
You have very sharp teeth.
Your uncanny sense of smell can sniff out nearby items.


Message History

You kill the adder!
Cheibriados appreciates the change of pace.
You feel your dexterity returning.
There is a large open door here.
Throwing (i - inventory. (/) - cycle)
A - 11 poisoned darts (quivered)
Aim: a two-headed ogre, wielding a +0 dire flail and a +0 giant club (moderately wounded, very poisoned)
You throw a poisoned dart.
The poisoned dart hits the two-headed ogre.
The two-headed ogre looks as sick as possible!
Throwing (i - inventory. (/) - cycle)
A - 10 poisoned darts (quivered)
Aim: a two-headed ogre, wielding a +0 dire flail and a +0 giant club (heavily wounded, very poisoned)
Okay, then.
Your +1 flail of holy wrath stops glowing.
Your +3 dagger of venom begins to drip with poison!
a - a +3 dagger of venom (weapon)
You block the two-headed ogre's attack.
The two-headed ogre hits you with a +0 giant club!!
You hit the two-headed ogre.
The two-headed ogre looks as sick as possible!
Your bite misses the two-headed ogre. You hit the two-headed ogre.
The two-headed ogre looks as sick as possible!
You bite the two-headed ogre, but do no damage.
The two-headed ogre barely misses you.
The two-headed ogre hits you with a +0 giant club!
You barely miss the two-headed ogre.
You block the two-headed ogre's attack. x2
Quiver which item? (- for none, * to show all) (? for menu, Esc to quit)
Quivering
v - 5 silver javelins for throwing.
Throwing (i - inventory. (/) - cycle)
v - 5 silver javelins (quivered)
Aim: a two-headed ogre, wielding a +0 dire flail and a +0 giant club (severely wounded, extremely poisoned)
You throw a silver javelin.
The silver javelin pierces through the two-headed ogre but does no damage.
The two-headed ogre closely misses you.
The two-headed ogre hits you with a +0 giant club!
* * * LOW HITPOINT WARNING * * *
Unknown command.
Throwing (i - inventory. (/) - cycle)
v - 4 silver javelins (quivered)
Aim: a two-headed ogre, wielding a +0 dire flail and a +0 giant club (severely wounded, extremely poisoned)
You throw a silver javelin.
The silver javelin pierces through the two-headed ogre.
You block the two-headed ogre's attack.
The two-headed ogre hits you with a +0 giant club!
* * * LOW HITPOINT WARNING * * *
Throwing (i - inventory. (/) - cycle)
v - 3 silver javelins (quivered)
Aim: a two-headed ogre, wielding a +0 dire flail and a +0 giant club (almost dead, extremely poisoned)
You throw a silver javelin.
The silver javelin barely misses the two-headed ogre.
The two-headed ogre closely misses you.
The two-headed ogre hits you with a +0 giant club!
You die...

.(..............#
...(.........####
..(.........###
..............##
########(......######
##.......#...#
≈≈≈≈≈≈##........#.#
≈≈≈≈≈≈≈##.........#
≈≈≈≈≈≈≈≈##...#@...###
≈≈≈≈≈≈≈≈≈###..O.....#
≈≈≈≈≈≈≈≈≈≈#.........##
≈≈≈≈≈≈≈≈≈≈#....#.....#
(.!≈≈≈≈≈≈≈#.....###..#
≈≈((...(..'.......#.##
∆≈≈........'.........#
...≈≈≈≈≈≈≈#...(###..#
≈≈≈≈≈≈≈≈≈≈#.##.###.##


You could see a two-headed ogre (extremely poisoned).

Vanquished Creatures
  Pikel (D:4)
  Menkaure (D:4)
  Duvessa (D:4)
  3 slaves (D:4)
  An ice beast (D:5)
  2 ogres
  2 phantoms (D:6)
  2 bullfrogs (D:6)
  Dowan (D:4)
  4 crimson imps
  2 hounds
  A quasit (D:5)
  A bullfrog skeleton (D:6)
  Crazy Yiuf (D:4)
  2 iguanas (D:4)
  A worker ant (D:4)
  3 hound skeletons
  A worker ant zombie (D:5)
  6 gnolls
  8 adders
  2 shadow imps
  2 oozes (D:3)
  2 adder skeletons
  2 worms
  A dart slug (D:5)
  3 leopard geckos
  3 orcs
  2 ball pythons (D:1)
  A giant cockroach (D:2)
  10 goblins
  7 hobgoblins
  9 jackals
  A ball python skeleton (D:5)
  8 bats
  5 frilled lizards (D:1)
  10 kobolds
  A quokka zombie (D:6)
  8 rats
  A plant (D:2)
122 creatures vanquished.

Notes
Turn   | Place    | Note
-------+----------+-------------------------------------------
     0 | D:1      | vurker the Gnoll Arcane Marksman began the quest for the
                  | Orb.
     0 | D:1      | Reached XP level 1. HP: 17/17 MP: 4/4
   355 | D:1      | Reached XP level 2. HP: 21/23 MP: 5/5
  1208 | D:1      | Reached XP level 3. HP: 19/28 MP: 7/7
  1800 | D:2      | Reached skill level 1 in Invocations
  1824 | D:2      | Reached skill level 1 in Short Blades
  1824 | D:2      | Reached skill level 1 in Long Blades
  1824 | D:2      | Reached skill level 1 in Axes
  1824 | D:2      | Reached skill level 1 in Maces & Flails
  1824 | D:2      | Reached skill level 1 in Polearms
  1824 | D:2      | Reached skill level 1 in Staves
  1824 | D:2      | Reached skill level 1 in Slings
  1824 | D:2      | Reached skill level 1 in Bows
  1824 | D:2      | Reached skill level 1 in Crossbows
  1824 | D:2      | Reached skill level 1 in Armour
  1824 | D:2      | Reached skill level 1 in Stealth
  1824 | D:2      | Reached skill level 1 in Shields
  1824 | D:2      | Reached skill level 1 in Unarmed Combat
  1824 | D:2      | Reached skill level 1 in Evocations
  1824 | D:2      | Reached XP level 4. HP: 34/34 MP: 8/8
  1829 | D:2      | Found a hide-covered altar of Uskayaw.
  1955 | D:2      | Found a glowing golden altar of the Shining One.
  1996 | D:2      | Reached skill level 1 in Conjurations
  1996 | D:2      | Reached skill level 1 in Charms
  1996 | D:2      | Reached skill level 1 in Summonings
  1996 | D:2      | Reached skill level 1 in Necromancy
  1996 | D:2      | Reached skill level 1 in Translocations
  1996 | D:2      | Reached skill level 1 in Transmutations
  1996 | D:2      | Reached skill level 1 in Fire Magic
  1996 | D:2      | Reached skill level 1 in Ice Magic
  1996 | D:2      | Reached skill level 1 in Air Magic
  1996 | D:2      | Reached skill level 1 in Earth Magic
  1996 | D:2      | Reached skill level 1 in Poison Magic
  2423 | D:2      | Reached XP level 5. HP: 40/40 MP: 9/9
  2639 | D:2      | HP: 2/40 [gnoll/+1 flail of holy wrath (11)]
  3548 | D:4      | Found a staircase to the Ecumenical Temple.
  3565 | Temple   | Entered the Ecumenical Temple
  3654 | D:4      | Noticed a slave
  3671 | D:4      | Killed a slave
  3715 | D:4      | Reached XP level 6. HP: 30/47 MP: 10/10
  3829 | D:4      | Noticed Menkaure
  3846 | D:4      | Killed Menkaure
  3846 | D:4      | Reached skill level 5 in Throwing
  3846 | D:4      | Reached skill level 5 in Dodging
  4093 | D:4      | Noticed a slave
  4097 | D:4      | Noticed a slave
  4123 | D:4      | Killed a slave
  4129 | D:4      | Killed a slave
  4212 | D:4      | Noticed a slave
  4216 | D:4      | Noticed Pikel
  4248 | D:4      | HP: 2/47 [Pikel/+0 whip of freezing (4)]
  4251 | D:4      | Killed Pikel
  4251 | D:4      | Reached XP level 7. HP: 14/53 MP: 12/12
  4540 | D:4      | Found Suclufon's Book Shoppe.
  4540 | D:4      | Noticed Dowan
  4571 | D:4      | Found Semum's Distillery.
  4576 | D:4      | Found a bloodstained altar of Trog.
  4647 | D:4      | Noticed Duvessa
  4701 | D:4      | Killed Duvessa
  4701 | D:4      | Reached XP level 8. HP: 39/60 MP: 14/14
  4718 | D:4      | Killed Dowan
  5542 | D:4      | Found a runed translucent door.
  5543 | D:4      | Noticed Crazy Yiuf
  5759 | D:4      | Killed Crazy Yiuf
  5820 | D:5      | Entered Level 5 of the Dungeon
  6015 | D:5      | Found Exakeile's Weapon Emporium.
  6055 | D:5      | Found an ancient bone altar of Kikubaaqudgha.
  6056 | D:5      | Found a basalt altar of Yredelemnul.
  6056 | D:5      | Noticed a wraith
  6056 | D:5      | Noticed a vampire
  6070 | D:5      | Noticed Grinder
  6237 | D:5      | Found Zin's Purification Station.
  6238 | D:5      | Found a glowing silver altar of Zin.
  6410 | D:5      | Found a transporter.
  6433 | D:5      | Found a transporter.
  6440 | D:5      | Found a snail-covered altar of Cheibriados.
  6459 | D:5      | Became a worshipper of Cheibriados the Contemplative
  6827 | D:6      | Found Rilu's Mass Market.
  6846 | D:6      | Reached * piety under Cheibriados
  6867 | D:6      | Reached XP level 9. HP: 66/66 MP: 14/16
  6937 | D:6      | Found a stormy altar of Qazlal.
  6989 | D:6      | Found a shadowy altar of Dithmenos.
  7363 | D:6      | Noticed a two-headed ogre
  7674 | D:6      | Slain by a two-headed ogre

Illustrated notes

Levels and vault maps discovered:
D:1:      elethiomel_arrival_shortcut, layout_basic
D:2:      layout_basic, eat_drink_and_be_merry_uskayaw, serial_bayou_pond_a,
          tso_altar
D:3:      layout_rooms
D:4:      layout_basic, overflow_temple_1_default,
          minmay_temple_entry_water_ring, first_ration, serial_shops,
          nicolae_shop_stone, shop, minmay_crystal_water, uniq_menkaure,
          uniq_crazy_yiuf_cottage, uniq_pikel, uniq_duvessa
D:5:      layout_gridville, gammafunk_temple_of_torment, kennysheep_slug_shrine,
          zin_purify, serial_shops, kennysheep_mini,
          hangedman_abyss_or_decor_jellyfish_corner, minivault_14, uniq_grinder
D:6:      kennysheep_big_flooded_room, layout_cave_pools,
          grunt_qazlal_sundering, marbit_many_paths, minmay_misc_feat_pillars,
          minmay_shop_mass
Temple:   minmay_temple_bridge_abc

Skill      XL: |  1  2  3  4  5  6  7  8 |
---------------+-------------------------+-----
Invocations    | 1 3 4 |  4.3
Short Blades   | 1 2 3 |  3.9
Long Blades    | 1 2 3 |  3.9
Axes           | 1 2 3 |  3.9
Maces & Flails | 1 2 3 |  3.9
Polearms       | 1 2 3 |  3.9
Staves         | 1 2 3 |  3.9
Slings         | 1 2 3 |  3.9
Bows           | 1 2 3 |  3.9
Crossbows      | 1 2 3 |  3.9
Armour         | 1 2 3 |  3.9
Stealth        | 1 2 3 |  3.9
Shields        | 1 2 3 |  3.9
Unarmed Combat | 1 2 3 |  3.9
Evocations     | 1 2 3 |  3.9
Spellcasting   | 3 4 |  4.9
Conjurations   | 1 2 3 |  3.2
Charms         | 1 2 3 |  3.2
Summonings     | 1 2 3 |  3.2
Necromancy     | 1 2 3 |  3.2
Translocations | 1 2 3 |  3.2
Transmutations | 1 2 3 |  3.2
Fire Magic     | 1 2 3 |  3.2
Ice Magic      | 1 2 3 |  3.2
Air Magic      | 1 2 3 |  3.2
Earth Magic    | 1 2 3 |  3.2
Poison Magic   | 1 2 3 |  3.2
Fighting       | 3 4 |  4.7
Throwing       | 5 6 |  6.1
Dodging        | 5 6 |  6.1
Hexes          | 6 |  6.4

Action                   |  1- 3 |  4- 6 |  7- 9 || total
-------------------------+-------+-------+-------++-------
Melee: Dagger            |   115 |   170 |   111 ||   396
       Unarmed           |    22 |       |       ||    22
       Bite              |    18 |    29 |    23 ||    70
       Short sword       |    31 |       |       ||    31
       Flail             |       |    36 |   108 ||   144
Throw: Javelin           |       |       |    16 ||    16
       Throwing net      |       |       |     2 ||     2
       Dart              |       |       |     5 ||     5
 Cast: Corona            |     3 |       |       ||     3
  Use: Scroll            |       |     5 |     4 ||     9
       Potion            |       |     1 |     3 ||     4
 Stab: Sleeping          |     1 |       |     1 ||     2
  Eat: Chunk             |     3 |     5 |     5 ||    13
       Ration            |       |     1 |     1 ||     2
Armor: Robe              |    40 |       |       ||    40
       Ring mail         |     8 |    44 |    78 ||   130
Dodge: Dodged            |   139 |    69 |   100 ||   308
Block: Kite shield       |    23 |    66 |   162 ||   251
       Reflection        |       |       |     2 ||     2
